Map: Blueshift LE

Players

Astrea

  • Race: Protoss Protoss
  • League: Grandmaster
  • Spawn Location: 1:00

SpeCial - Winner!

  • Race: Terran Terran
  • Spawn Location: 7:00

Event: Cheeseadelphia 8

VOD

Have the link to the VOD?

Description

Time

  • Played on: Dec. 9, 2018, 2:19 p.m.
  • Length: 6:59

All games in this series

Show
View Real Time Build Order
Export as new Build Order

Astrea Protoss 

Build Orders: 1 Gate Expand, Dark Templar Rush 

Get SALT Encoding   

  12  0:00  Probe  
  13  0:12  Probe  
  14  0:17  Pylon  
  14  0:23  Probe  
  15  0:31  Probe  
  16  0:36  Gateway  
  16  0:39  Probe  
  16  0:45  Assimilator  
  17  0:50  Probe  
  18  0:58  Probe  
  19  1:06  Probe  
  20  1:23  Cybernetics Core  
  20  1:32  Nexus  
  20  1:37  Probe  
  21  1:41  Assimilator  
  21  1:48  Pylon  
  21  1:50  Probe  
  22  1:58  Adept  
  22  2:02  Warp Gate  
  22  2:03  Probe  
  24  2:16  Twilight Council  
  24  2:17  Probe  
  25  2:27  Stalker  
  27  2:30  Probe  
  28  2:42  Probe  
  29  2:45  Probe  
  30  2:54  Probe  
  30  2:55  Dark Shrine  
  30  2:57  Probe  
  32  3:06  Probe  
  32  3:07  Stalker  
  32  3:09  Probe  
  36  3:18  Probe  
  37  3:21  Gateway  
  38  3:28  Pylon  
  37  3:34  Robotics Facility  
  37  3:36  Probe  
  37  3:40  Probe  
  39  3:47  Probe  
  39  3:49  Probe  
  39  3:55  Probe, Pylon  
  41  3:57  Probe  
  43  4:03  Probe  
  43  4:06  Probe  
  43  4:07  Dark Templar  
  47  4:16  Probe  
  47  4:19  Dark Templar  
  49  4:33  Pylon x2  
  49  4:51  Probe x2  
  49  4:53  Dark Templar  
  51  5:01  Pylon  
  25  5:25  Dark Templar  
  9  5:43  Probe  
  9  5:47  Probe  
  11  5:51  Probe  
  12  6:01  Probe  
  12  6:02  Probe  
  12  6:13  Probe  
  12  6:14  Probe  
  12  6:15  Stalker  
  12  6:16  Zealot  
  14  6:29  Probe  
Show
View Real Time Build Order
Export as new Build Order

SpeCial Terran - Winner!

Build Orders: 1/1/1, Cyclone Opening 

Get SALT Encoding   

  12  0:00  SCV  
  13  0:13  SCV  
  14  0:17  Supply Depot  
  14  0:25  SCV  
  15  0:39  Barracks, SCV  
  16  0:45  Refinery  
  16  0:51  SCV  
  16  0:55  Refinery  
  17  1:03  SCV  
  18  1:15  SCV  
  19  1:27  Reaper, Orbital Command  
  20  1:36  Supply Depot  
  20  1:42  Factory  
  20  1:53  SCV  
  21  2:01  Barracks Reactor  
  21  2:05  SCV  
  22  2:17  SCV  
  23  2:27  Supply Depot  
  23  2:28  Factory Tech Lab, Starport  
  23  2:31  SCV  
  24  2:38  Marine x2  
  24  2:43  SCV  
  27  2:48  Cyclone  
  27  2:50  Supply Depot  
  30  2:52  Mag-Field Accelerator  
  30  2:56  Marine  
  31  2:59  Marine  
  34  3:13  Supply Depot  
  34  3:15  Marine  
  34  3:17  Marine  
  36  3:23  Cyclone  
  37  3:28  Medivac  
  37  3:33  Marine  
  40  3:34  Marine  
  40  3:36  Supply Depot  
  40  3:39  SCV  
  45  3:55  Cyclone  
  45  3:56  Marine x2  
  45  3:59  Supply Depot  
  47  4:04  Viking  
  49  4:14  Marine x2  
  51  4:19  SCV  
  52  4:42  Orbital Command  
  44  4:52  Raven  
  40  5:08  Orbital Command  
  40  5:26  Marine  
  40  5:27  Marine  
  33  5:44  Marine  
  33  5:45  Marine  
  32  6:02  Marine  
  32  6:03  Marine  
  32  6:20  Marine  
Tags
 
Add a new tag
Caveats
  • Supply blocks, unpowered buildings, or Contaminate may cause inaccurate times.
  • Supply counts are checked every 10 seconds.